 Dungeon Crawl Stone Soup version 0.23.0-3-gf3c87f2 (webtiles) character file.

Game seed: 1207412461335983993

1403 sking99 the Magician (level 8, -10/55 HPs)
             Began as an Octopode Wanderer on Feb 23, 2019.
             Was a Believer of Kikubaaqudgha.
             Killed by divine providence
             ... invoked by an orc priest
              (12 damage)
             ... on level 6 of the Dungeon.
             The game lasted 00:32:55 (10165 turns).

sking99 the Magician (Octopode Wanderer)           Turns: 10165, Time: 00:32:55

Health: -10/55     AC:  1    Str: 14    XL:     8   Next: 69%
Magic:  1/15       EV: 14    Int: 14    God:    Kikubaaqudgha [**....]
Gold:   456        SH:  0    Dex: 11    Spells: 7/17 levels left

rFire    . . .     SeeInvis .   a - +2 dagger (venom)
rCold    . . .     Gourm    .   (no shield)
rNeg     . . .     Faith    .   (helmet restricted)
rPois    .         Spirit   .   (no amulet)
rElec    .         Reflect  .   (no ring)
rCorr    .         Harm     .   (no ring)
MR       .....                  (no ring)
Stlth    ++++......             (no ring)
HPRegen  0.18/turn              (no ring)
MPRegen  0.14/turn              (no ring)
                                (no ring)
                                (no ring)

@: no status effects
A: almost no armour, stealthy swim, amphibious, 8 rings, constrict 8, camouflage
1, gelatinous body 1
a: Receive Corpses, Renounce Religion


You were on level 6 of the Dungeon.
You worshipped Kikubaaqudgha.
Kikubaaqudgha was pleased with you.
You were near starving.

You visited 1 branch of the dungeon, and saw 6 of its levels.

You collected 456 gold pieces.

Inventory:

Hand Weapons
 a - a +2 dagger of venom (weapon)
 c - a +0 club
 g - a +0 whip
 p - a cursed -1 whip
Missiles
 k - 2 throwing nets (quivered)
Armour
 G - a +0 large shield
Magical Staves
 b - an uncursed staff of power
Jewellery
 o - an uncursed ring of flight {unknown}
 u - a cursed -2 ring of dexterity {unknown}
 x - an uncursed amulet of harm {unknown}
 B - a cursed ring of attention {unknown}
 D - an uncursed amulet of faith {unknown}
Wands
 n - a wand of digging (7)
 s - a wand of clouds (7)
 t - a wand of enslavement (9)
 y - a wand of polymorph (11)
 E - a wand of flame (14)
Scrolls
 f - a scroll of magic mapping
 h - a scroll of enchant armour {unknown}
 j - a scroll of blinking {unknown}
 r - 3 scrolls of teleportation
 w - a scroll of fog {unknown}
 H - a scroll of random uselessness {unknown}
Potions
 e - 2 potions of lignification
 i - 2 potions of cancellation
 l - a potion of might {unknown}
 m - 2 potions of curing
 q - 2 potions of invisibility {unknown}
 v - a potion of agility {unknown}
 z - a potion of resistance {unknown}
 A - a potion of brilliance {unknown}
 C - a potion of mutation
Comestibles
 d - 3 rations


   Skills:
 - Level 5.0 Fighting
 + Level 4.0 Dodging
 - Level 5.0 Stealth
 - Level 1.0 Shields
 - Level 5.1 Spellcasting
 - Level 4.0 Conjurations
 - Level 2.0 Charms
 + Level 4.8 Necromancy


You had 7 spell levels left.
You knew the following spells:

 Your Spells              Type           Power        Failure   Level  Hunger
a - Magic Dart            Conj           ###.         3%          1    None
b - Searing Ray           Conj           ###...       4%          2    ##.....
c - Apportation           Tloc           #.....       17%         1    None
d - Sublimation of Blood  Necr           ###.......   3%          2    ##.....
e - Regeneration          Chrm/Necr      ##........   13%         3    ###....
C - Animate Skeleton      Necr           N/A          2%          1    None

Your spell library contained the following spells:

 Spells                   Type           Power        Failure   Level  Hunger
 Pain                     Necr           ###.         2%          1    None
 Corpse Rot               Necr           N/A          3%          2    ##.....
 Dazzling Spray           Conj/Hex       #.....       22%         3    ###....
 Iskenderun's Mystic Bla  Conj           ###.....     32%         4    ####...
 Recall                   Summ/Tloc      N/A          45%         3    ###....
 Force Lance              Conj/Tloc      #.......     58%         4    ####...
 Fulminant Prism          Conj/Hex       #.........   58%         4    ####...


Dungeon Overview and Level Annotations

Branches:
Dungeon (6/15)
 Temple: D:4-7

Altars:
Ashenzari
Gozag
Hepliaklqana
Kikubaaqudgha
Nemelex Xobeh
Sif Muna
Vehumet
Xom
Yredelemnul

Shops:
D:5 =

Annotations:
D:5 Grinder


Innate Abilities, Weirdness & Mutations

You cannot wear most types of armour.
You are very stealthy in the water. (Stealth+)
You are amphibious.
You can wear up to eight rings at the same time.
You can use your tentacles to constrict eight enemies at once.
Your skin changes colour to match your surroundings (Stealth+).
Your rubbery body absorbs attacks. (AC +1, EV +1)


Message History

The orc warrior hits you with a +0 dire flail!!
You hear a shout!
You hit the orc priest. Your grab misses the orc priest.
The orc priest is lightly wounded.
You constrict the orc warrior.
An orc comes into view. It is wielding a +0 short sword.
The orc warrior hits you with a +0 dire flail!!
* * * LOW HITPOINT WARNING * * *
The orc priest misses you.
Okay, then.
You release your grip on the orc warrior.
You kill the orc warrior!
Kikubaaqudgha accepts your kill.
Your Dodging skill increases to level 4!
The orc priest hits you with a +0 dagger.
* * * LOW HITPOINT WARNING * * *
The orc priest mumbles some strange prayers to Beogh against you.
Beogh smites you!
You die...
Kikubaaqudgha rasps: "You have failed me!
Welcome... death!"

..###....# #.....#
..#......###.....#
..#.#<#..#....o..#
..#.#....#.###'###
..#........# #o#
..####.....# #o###
..####o...####...#
.)o............o.#
.#####....####.#@# ..
#....#
#....################ ..
#....#
#.........#.......... ..#
#....#
#.........###.####.#. ...
.....###............).....#
...
.....#.............#.##...#
.
....#.#.........#.#......#
#.#....#.##.#.####...# #
#....#.##.#.####...##


You could see an orc priest, an orc wizard and an orc.

Vanquished Creatures
  A yak (D:6)
  Edmund (D:4)
  An orc warrior (D:6)
  2 centaurs
  2 ogres (D:6)
  A water moccasin zombie (D:6)
  A wight (D:6)
  A crimson imp (D:6)
  A hound (D:6)
  A jelly (D:6)
  2 orc wizards (D:4)
  2 worker ants
  Natasha (D:2)
  2 iguanas
  2 hound skeletons
  12 adders
  6 river rats (D:6)
  3 shadow imps (D:6)
  An ooze (D:1)
  2 adder zombies
  2 worms
  3 dart slugs (D:1)
  2 leopard geckos
  7 orcs
  5 bats
  5 giant cockroaches
  5 goblins
  6 hobgoblins
  4 jackals
  6 kobolds
  7 quokkas
  A ball python (D:2)
  2 frilled lizards
  A jackal skeleton (D:4)
  A leopard gecko skeleton (D:4)
  A quokka skeleton (D:4)
  22 rats
125 creatures vanquished.

Vanquished Creatures (collateral kills)
  2 hounds
  An iguana (D:4)
  A frilled lizard (D:4)
4 creatures vanquished.

Grand Total: 129 creatures vanquished

Notes
Turn   | Place    | Note
-------+----------+-------------------------------------------
     0 | D:1      | sking99 the Octopode Wanderer began the quest for the Orb.
     0 | D:1      | sking99 set off with the following items: a +0 club, a
                  | ration; and the following spells available to memorise:
                  | Magic Dart, Searing Ray, Apportation, Dazzling Spray,
                  | Recall, Iskenderun's Mystic Blast, Force Lance, Fulminant
                  | Prism
     0 | D:1      | Reached XP level 1. HP: 11/11 MP: 5/5
     2 | D:1      | Learned a level 1 spell: Magic Dart
   411 | D:1      | Reached XP level 2. HP: 18/18 MP: 4/7
  1152 | D:1      | Reached skill level 1 in Fighting
  1209 | D:1      | Learned a level 2 spell: Searing Ray
  1211 | D:1      | Learned a level 1 spell: Apportation
  1662 | D:1      | Reached XP level 3. HP: 23/23 MP: 3/8
  2577 | D:2      | Reached XP level 4. HP: 26/28 MP: 3/10
  2716 | D:2      | Found an ancient bone altar of Kikubaaqudgha.
  2716 | D:2      | Found a deep blue altar of Sif Muna.
  2741 | D:2      | Found a radiant altar of Vehumet.
  2751 | D:2      | Identified Kikubaaqudgha's Volume of Stolen Souls
  2764 | D:2      | Became a worshipper of Kikubaaqudgha
  3353 | D:2      | Found a shimmering altar of Xom.
  3477 | D:2      | Noticed Natasha
  3481 | D:2      | Learned a level 1 spell: Animate Skeleton
  3709 | D:2      | Killed Natasha
  3709 | D:2      | Reached XP level 5. HP: 24/34 MP: 8/11
  4264 | D:3      | Noticed a centaur
  4274 | D:4      | Noticed Edmund
  4716 | D:4      | Killed Edmund
  4716 | D:4      | Reached skill level 1 in Necromancy
  4716 | D:4      | Reached XP level 6. HP: 23/41 MP: 10/13
  5689 | D:4      | Reached skill level 5 in Spellcasting
  5767 | D:4      | Found a hazy altar of Hepliaklqana.
  6283 | D:4      | Reached XP level 7. HP: 30/46 MP: 14/14
  6405 | D:5      | Entered Level 5 of the Dungeon
  7203 | D:5      | Reached skill level 5 in Stealth
  7325 | D:5      | Reached * piety under Kikubaaqudgha
  7325 | D:5      | Identified Kikubaaqudgha's Collected Works on Evil Rituals
                  | (Kikubaaqudgha gifted it to you on level 5 of the Dungeon)
  7325 | D:5      | Received a gift from Kikubaaqudgha
  7449 | D:3      | Reached skill level 1 in Dodging
  7710 | D:5      | Noticed Grinder
  7768 | D:5      | Paralysed by Grinder for 4 turns
  7774 | D:5      | Paralysed by Grinder for 6 turns
  7779 | D:5      | HP: 1/46 [Grinder (6)]
  8088 | D:5      | Paralysed by Grinder for 6 turns
  8097 | D:5      | Paralysed by Grinder for 7 turns
  8528 | D:5      | Found an opulent altar of Gozag.
  8531 | D:5      | Found a basalt altar of Yredelemnul.
  8534 | D:5      | Found a shattered altar of Ashenzari.
  8537 | D:5      | Found a sparkling altar of Nemelex Xobeh.
  8603 | D:5      | Found Fobu's Jewellery Boutique.
  8852 | D:6      | Noticed a yak
  9032 | D:6      | Killed a yak
  9032 | D:6      | Reached XP level 8. HP: 17/54 MP: 13/15
  9273 | D:6      | Learned a level 2 spell: Sublimation of Blood
  9277 | D:6      | Learned a level 3 spell: Regeneration
 10030 | D:6      | Reached skill level 5 in Fighting
 10130 | D:6      | Reached ** piety under Kikubaaqudgha
 10162 | D:6      | HP: 2/55 [orc warrior/+0 dire flail (25)]
 10165 | D:6      | Killed from afar by an orc priest

Skill      XL: |  1  2  3  4  5  6  7  8 |
---------------+-------------------------+-----
Stealth        | 2 3 4 5 |  5.0
Fighting       | 1 2 3 4 5 |  5.0
Conjurations   | 3 4 |  4.0
Necromancy     | 1 2 3 4 |  4.8
Spellcasting   | 5 |  5.1
Dodging        | 2 4 |  4.0
Shields        | |  1.0
Charms         | |  2.0

Action                   |  1- 3 |  4- 6 |  7- 9 || total
-------------------------+-------+-------+-------++-------
Melee: Dagger            |     7 |    54 |    55 ||   116
       Constrict         |     3 |    15 |    14 ||    32
       Tentacles         |     2 |    16 |    13 ||    31
       Unarmed           |       |     4 |       ||     4
       Staff             |       |       |     3 ||     3
 Cast: Magic Dart        |   103 |    64 |    94 ||   261
       Searing Ray       |     2 |    14 |    77 ||    93
       Animate Skeleton  |       |    11 |    19 ||    30
  Use: Scroll            |     1 |     4 |     2 ||     7
 Stab: Confused          |       |     1 |       ||     1
       Sleeping          |       |     1 |       ||     1
       Distracted        |       |       |     2 ||     2
  Eat: Ration            |     1 |     2 |     1 ||     4
       Chunk             |     2 |     7 |     7 ||    16
Armor: Skin              |     6 |     6 |     6 ||    18
Dodge: Dodged            |    23 |    41 |    88 ||   152
